 Dungeon Crawl Stone Soup version 0.29-a0-559-g359e09b9d1 (webtiles) character file.

Game seed: 17890119200372726826

186870 avis the Crack Shot (level 16, -41/151 HPs)
             Began as a Demigod Hunter on June 9, 2022.
             Killed from afar by Nikola (79 damage)
             ... with an arc of chain lightning
             ... on level 3 of the Swamp on June 10, 2022.
             The game lasted 05:22:47 (30209 turns).

avis the Crack Shot (Demigod Hunter)               Turns: 30209, Time: 05:22:47

Health: -41/151    AC: 20    Str: 14    XL:     16   Next: 89%
Magic:  27/27      EV: 20    Int: 11    God:
Gold:   2277       SH:  0    Dex: 34    Spells: 11/25 levels left

rFire   . . .      SeeInvis +   b - +9 longbow (freeze)
rCold   . . .      Faith    +   (shield currently unavailable)
rNeg    . . .      Spirit   .   S - +1 acid dragon scales
rPois   +          Reflect  .   q - +1 helmet
rElec   .          Harm     .   U - +2 cloak {Stlth+}
rCorr   +          Rampage  .   F - +0 pair of gloves "Xuwufyj" {rPois}
Will    +....                   w - +1 pair of boots {Stlth+}
Stlth   ++++......              G - amulet "Archud" {Faith Regen+ Str+2 Dex-3}
HPRegen 1.15/turn               z - +4 ring of protection
MPRegen 0.20/turn               u - ring of see invisible

@: no status effects
A: high MP 1, forlorn, divine attributes
}: 1/15 runes: gossamer
a: no special abilities


You were on level 3 of the Swamp.
You visited 6 branches of the dungeon, and saw 28 of its levels.
You also visited: Bailey and Ice Cave.

You collected 3942 gold pieces.
You spent 1665 gold pieces at shops.

Inventory:

Hand Weapons
 a - the +8 storm bow {elec, penet}
   (You bought it in a shop on level 11 of the Dungeon)

   Any ammunition fired from it occasionally discharges a powerful burst of
   electricity upon striking a foe.
   Any ammunition fired by it passes through the targets it hits, potentially
   hitting all targets in its path until it reaches maximum range.
 b - a +9 longbow of freezing (weapon)
Missiles
 Q - a throwing net
Armour
 q - a +1 helmet (worn)
 w - a +1 pair of boots of stealth (worn)
 F - the +0 pair of gloves "Xuwufyj" (worn) {rPois}
   (You found it on level 7 of the Dungeon)

   rPois:     It protects you from poison.
 J - a scarf of resistance
 S - +1 acid dragon scales (worn)
 U - a +2 cloak of stealth (worn)
Jewellery
 u - a ring of see invisible (right hand)
 z - a +4 ring of protection (left hand)
 G - the amulet "Archud" (around neck) {Faith Regen+ Str+2 Dex-3}
   (You found it on level 7 of the Dungeon)

   [amulet of faith]

   It allows you to gain divine favour quickly.
   Str:       It affects your strength (+2).
   Dex:       It affects your dexterity (-3).
   Regen:     It increases your rate of health regeneration.
 K - the ring of the Special Bones {Fire rPois rN+ Str-3}
   (You found it in an ice cave)

   [ring of fire]

   It enhances your fire magic.
   Str:       It affects your strength (-3).
   rF:        It protects you from fire.
   rC:        It makes you vulnerable to cold.
   rPois:     It protects you from poison.
   rN:        It protects you from negative energy.
Wands
 m - a wand of flame (29)
 n - a wand of charming (2)
 r - a wand of paralysis (11)
 v - a wand of iceblast (14)
 x - a wand of mindburst (14)
 E - a wand of digging (19)
 L - a wand of acid (4)
Scrolls
 g - 4 scrolls of blinking
 i - 7 scrolls of teleportation
 k - 2 scrolls of magic mapping
 A - 4 scrolls of poison
 D - 3 scrolls of silence
 I - 7 scrolls of fear
 O - a scroll of summoning
 Z - 8 scrolls of fog
Potions
 e - 3 potions of curing
 f - 8 potions of heal wounds
 h - a potion of lignification
 j - 5 potions of invisibility
 l - a potion of brilliance
 o - 2 potions of haste
 p - 4 potions of resistance
 s - 2 potions of cancellation
 t - 14 potions of ambrosia
 B - a potion of berserk rage
 M - 2 potions of flight
 X - 3 potions of magic
 Y - 4 potions of might
Miscellaneous
 d - a piece from Xom's chessboard (15/15)
 y - a phial of floods


   Skills:
 - Level 16.0 Fighting
 - Level 22.0 Bows
 - Level 4.0 Armour
 - Level 8.0 Dodging
 - Level 0.8 Stealth
 * Level 3.8 Unarmed Combat
 - Level 5.0 Spellcasting
 - Level 5.0 Translocations
 - Level 9.0 Transmutations


You had 11 spell levels left.
You knew the following spells:

 Your Spells              Type           Power      Damage    Failure   Level
b - Blink                 Tloc           26%        N/A       6%          2
B - Blade Hands           Tmut           11%        N/A       21%         5
D - Dragon Form           Tmut           11%        N/A       99%         7

Your spell library contained the following spells:

 Spells                   Type           Power      Damage    Failure   Level
 Sting                    Tmut/Pois      48%        1d5       4%          1
 Passwall                 Tmut/Erth      10%        N/A       7%          2
 Gell's Gravitas          Tloc           13%        N/A       12%         3
 Lesser Beckoning         Tloc           13%        N/A       12%         3
 Teleport Other           Tloc           13%        N/A       12%         3
 Ignite Poison            Fire/Tmut/Pois 9%         N/A       26%         3
 Magic Dart               Conj           8%         1d3       30%         1
 Summon Small Mammal      Summ           8%         N/A       30%         1
 Passage of Golubria      Tloc           13%        N/A       36%         4
 Call Imp                 Summ           2%         N/A       41%         2
 Ensorcelled Hibernation  Hex/Ice        4%         N/A       41%         2
 Poisonous Vapours        Pois/Air       4%         N/A       41%         2
 Sublimation of Blood     Necr           2%         N/A       41%         2
 Ice Form                 Ice/Tmut       12%        N/A       43%         4
 Petrify                  Tmut/Erth      12%        N/A       43%         4
 Call Canine Familiar     Summ           2%         N/A       65%         3
 Confusing Touch          Hex            2%         N/A       65%         3
 Mephitic Cloud           Conj/Pois/Air  2%         N/A       65%         3
 Summon Guardian Golem    Hex/Summ       2%         N/A       65%         3
 Swiftness                Air            2%         N/A       65%         3
 Manifold Assault         Tloc           13%        N/A       71%         5
 Irradiate                Conj/Tmut      6%         3d15      78%         5
 Yara's Violent Unravell  Hex/Tmut       6%         3d5       78%         5
 Hailstorm                Conj/Ice       2%         3d3       96%         4
 Olgreb's Toxic Radiance  Pois           2%         N/A       96%         4
 Summon Lightning Spire   Summ/Air       2%         N/A       96%         4
 Silence                  Hex/Air        1%         N/A       100%        5
 Simulacrum               Ice/Necr       1%         N/A       100%        6
 Statue Form              Tmut/Erth      8%         N/A       100%        6
 Enfeeble                 Hex            1%         N/A       100%        7
 Haunt                    Necr/Summ      1%         N/A       100%        7
 Storm Form               Tmut/Air       6%         N/A       100%        7
 Lehudib's Crystal Spear  Conj/Erth      1%         10d2      100%        8
 Maxwell's Capacitive Co  Air            1%         ∞         100%        8
 Summon Horrible Things   Summ           1%         N/A       100%        8


Dungeon Overview and Level Annotations

Branches:
Dungeon (11/15)            Temple (1/1) D:5            Lair (6/6) D:9
  Swamp (4/4) Lair:3       Spider (4/4) Lair:3        Slime (0/5) Lair:5
    Orc (2/2) D:10            Elf (0/3) Orc:2        Bailey (visited)
  IceCv (visited)

Shops:
D:11 *?   Orc:1 =(   Orc:2 [:(*[

Portals:
Abyss: D:4

Annotations:
Swamp:3 Nikola


Innate Abilities, Weirdness & Mutations

You have an increased reservoir of magic. (+10% MP)
You shall have no god before yourself.
Your divine heritage dramatically boosts your attributes as you level up.


Message History

You shoot an arrow. The arrow hits Nikola!!
The arrow freezes Nikola.
Nikola is heavily wounded.
You feel stable enough to blink again. Nikola closely misses you.
Shoot: b) +9 longbow (freeze)
Press: ? - help, Q - select action, (/) - cycle Shift-Dir - straight line, f/p - Nikola
Aim: Nikola, wielding a +2 rapier of electrocution, wearing a +0 cloak and wearing a +0 pair of gloves (heavily wounded, 83% to hit)
You shoot an arrow. The arrow hits Nikola.
The arrow freezes Nikola.
Nikola is severely wounded.
Nikola hits you but does no damage.
Shoot: b) +9 longbow (freeze)
Press: ? - help, Q - select action, (/) - cycle Shift-Dir - straight line, f/p - Nikola
Aim: Nikola, wielding a +2 rapier of electrocution, wearing a +0 cloak and wearing a +0 pair of gloves (severely wounded, 83% to hit)
You shoot an arrow. The arrow hits Nikola.
The arrow freezes Nikola.
Nikola is severely wounded.
Nikola casts a spell.
Lightning arcs from Nikola's hands!
The bolt of lightning hits you!!!!
Ouch! That really hurt!
* * * LOW HITPOINT WARNING * * *
A bolt of lightning appears from out of thin air!
The bolt of lightning hits Nikola!
Shoot: b) +9 longbow (freeze)
Press: ? - help, Q - select action, (/) - cycle Shift-Dir - straight line, f/p - Nikola
Aim: Nikola, wielding a +2 rapier of electrocution, wearing a +0 cloak and wearing a +0 pair of gloves (severely wounded, 83% to hit)
You shoot an arrow. The arrow hits Nikola!!
The arrow freezes Nikola!
Nikola is almost dead.
Shoot: b) +9 longbow (freeze)
Press: ? - help, Q - select action, (/) - cycle Shift-Dir - straight line, f/p - Nikola
Aim: Nikola, wielding a +2 rapier of electrocution, wearing a +0 cloak and wearing a +0 pair of gloves (almost dead, 83% to hit)
You shoot an arrow. The arrow hits Nikola!
The arrow freezes Nikola.
Nikola is almost dead.
Nikola barely misses you.
Shoot: b) +9 longbow (freeze)
Press: ? - help, Q - select action, (/) - cycle Shift-Dir - straight line, f/p - Nikola
Aim: Nikola, wielding a +2 rapier of electrocution, wearing a +0 cloak and wearing a +0 pair of gloves (almost dead, 83% to hit)
You shoot an arrow. The arrow closely misses Nikola.
Nikola mumbles some strange words.
Lightning arcs from Nikola's hands!
The bolt of lightning hits you!!!!
Ouch! That really hurt!
You die...

♣.≈≈≈≈≈≈≈≈.♣♣<≈≈..≈≈≈.♣ ♣..#
♣.≈≈≈≈≈≈§..♣♣<≈§≈..≈≈?♣ ♣..#
♣≈.≈≈≈≈§≈.≈♣♣≈.≈.....♣♣ ♣..#
♣≈...≈≈....≈♣♣..≈[♣.♣♣♣♣♣♣♣..
♣≈.≈≈≈§≈≈....≈.≈≈.♣♣♣...♣.≈..
♣♣♣.≈≈≈≈≈...>...≈≈♣ ♣...♣≈§≈≈
♣♣..§≈≈≈..≈≈≈≈..♣♣ ♣..≈♣.≈≈≈
♣≈≈≈≈≈≈≈≈≈.@≈≈.♣♣ ♣...≈..≈.
♣≈≈≈≈≈≈≈≈≈.@..≈♣ ♣.≈≈≈≈♣♣♣
♣♣.≈≈≈≈≈≈≈≈≈≈.♣♣♣ ♣≈≈♣≈♣♣.≈
♣.≈≈≈≈≈≈≈≈.≈≈.≈♣♣♣ ♣♣♣♣♣♣..≈
♣.≈≈≈≈.....)≈..≈≈♣ ♣≈≈≈.
♣..≈.≈♣♣♣♣..≈.≈..♣ ♣♣♣♣♣
♣♣♣♣♣♣♣ ♣♣...♣♣♣♣ ♣♣♣♣♣


You could see Nikola.

Vanquished Creatures
  2 emperor scorpions (Spider:4)
  A frost giant (IceCv)
  4 ghost moths
  An orc warlord (Orc:2)
  Aizul (Spider:3)
  2 broodmothers (Spider:4)
  4 eleionomae
  2 entropy weavers
  Azrael (Spider:3)
  2 bunyips (Swamp:3)
  Josephine (Orc:2)
  2 boulder beetles (Spider:2)
  8 hydras
  An ogre mage (Orc:1)
  2 ghost crabs
  2 vault guards (Bailey)
  Erica (Lair:1)
  5 two-headed ogres
  3 jorogumos
  3 radroaches
  8 death yaks
  8 alligators
  A death scarab (Spider:4)
  The ghost of Caiv the Transmogrifier, a journeyman OpAE of Gozag (Lair:2)
  8 orc high priests
  Lodul (D:10)
  9 pharaoh ants
  4 spriggan druids
  2 steelbarb worms
  2 goliath frogs
  A sun moth (Spider:2)
  2 swamp dragons (Swamp:3)
  2 bog bodies
  2 orc knights
  6 orb spiders
  Pikel (D:7)
  2 oklob plants (Lair:5)
  18 wolf spiders
  4 orc sorcerers
  2 will-o-the-wisps (Swamp:2)
  An ugly thing (IceCv)
  2 manticores (D:11)
  3 moths of wrath
  2 cyclopes
  Maurice (Orc:1)
  An ice statue (IceCv)
  7 torpor snails
  9 black mambas
  20 cane toads
  An unseen horror (D:11)
  14 demonic crawlers
  4 rime drakes
  17 komodo dragons
  The ghost of happo123 the Sneak, a novice KoEn (D:4)
  2 ice devils (Lair:2)
  7 trolls
  5 bloated husks
  A meliai (Spider:4)
  19 polar bears
  A queen bee (D:10)
  18 hornets
  Prince Ribbit (Bailey)
  A slime creature (D:7)
  20 tarantellas
  4 tyrant leeches
  23 blink frogs
  37 jumping spiders
  22 spriggans
  34 culicivoras
  2 water elementals (D:11)
  A shadow (D:10)
  85 yaks
  A vampire (D:10)
  3 humans (Bailey)
  7 wraiths
  3 vampire mosquitoes (Swamp:2)
  3 fire elementals
  36 redbacks
  2 basilisks
  A steam dragon (Lair:6)
  8 wargs
  11 swamp worms
  A small abomination (D:4)
  6 acid dragons
  16 water moccasins
  30 orc warriors
  4 hell hounds
  4 swamp drakes
  Duvessa (D:7)
  7 black bears
  An ice beast (D:7)
  36 wolves
  3 sky beasts
  18 ogres
  4 boggarts (Lair:6)
  6 centaurs
  4 lemures (D:7)
  A phantom (D:4)
  A kobold brigand (D:8)
  29 bullfrogs
  2 gnoll sergeants (D:10)
  5 necrophages
  3 scorpions
  Dowan (D:7)
  A wight (D:7)
  26 killer bees
  A vampire bat (Orc:1)
  9 electric eels
  6 howler monkeys
  A lava snake (Lair:2)
  A quasit (D:4)
  4 jellies
  16 orc priests
  2 hounds
  Crazy Yiuf (D:4)
  2 gnoll shamans
  An iron imp (Spider:4)
  Natasha (thrice) (D:4)
  4 iguanas
  24 orc wizards
  Robin (D:2)
  25 gnolls
  5 adders
  A shadow imp (D:5)
  3 white imps
  An ufetubus (D:4)
  4 worms
  A dart slug (D:4)
  80 orcs
  6 ball pythons
  10 endoplasms
  2 giant cockroaches (D:3)
  14 goblins
  11 hobgoblins
  4 jackals (D:3)
  4 quokkas
  11 bats
  4 frilled lizards
  8 kobolds
  8 rats
1061 creatures vanquished.

Vanquished Creatures (others)
  A redback (Spider:3)
  2 foxfires (Swamp:2)
  54 fungi
  35 plants
92 creatures vanquished.

Grand Total: 1153 creatures vanquished

Notes
Turn   | Place    | Note
-------+----------+-------------------------------------------
     0 | D:1      | avis the Demigod Hunter began the quest for the Orb.
     0 | D:1      | Reached XP level 1. HP: 17/17 MP: 3/3
   234 | D:1      | Reached skill level 4 in Bows
   336 | D:1      | Reached XP level 2. HP: 24/24 MP: 4/4
   621 | D:2      | Noticed Robin
   623 | D:2      | Reached XP level 3. HP: 17/29 MP: 5/5
   967 | D:2      | Killed Robin
   968 | D:2      | Reached skill level 5 in Bows
   984 | D:2      | Reached XP level 4. HP: 11/36 MP: 6/6
  2137 | D:3      | Reached XP level 5. HP: 41/41 MP: 7/7
  2335 | D:3      | Reached skill level 6 in Bows
  2586 | D:3      | Noticed a centaur
  2616 | D:3      | Killed a centaur
  3451 | D:3      | Identified 2 scrolls of acquirement
  3451 | D:3      | Acquired a +3 vorpal longbow
  3456 | D:3      | Acquired a manual of Fighting
  3645 | D:3      | HP: 2/45 [acid (8)]
  3652 | D:3      | Reached XP level 6. HP: 18/51 MP: 8/8
  4120 | D:4      | Identified the +2 robe of Wamemet {rElec rF+}
  4207 | D:4      | Noticed a small abomination
  4220 | D:4      | Found a transporter.
  4226 | D:4      | Found a one-way gate to the infinite horrors of the Abyss.
  4232 | D:4      | Found a transporter.
  4356 | D:4      | Noticed happo123's ghost (novice KoEn)
  4501 | D:4      | Reached skill level 7 in Bows
  4647 | D:4      | Reached XP level 7. HP: 41/59 MP: 9/9
  4783 | D:4      | Noticed Natasha
  4789 | D:4      | Killed Natasha
  4958 | D:4      | Noticed Natasha
  4960 | D:4      | Killed Natasha
  5072 | D:4      | Noticed Natasha
  5075 | D:4      | Killed Natasha
  5127 | D:4      | Found a runed translucent door.
  5128 | D:4      | Noticed Crazy Yiuf
  5168 | D:4      | Learned a level 2 spell: Blink
  5169 | D:5      | Entered Level 5 of the Dungeon
  5184 | D:4      | Reached skill level 8 in Bows
  5392 | D:5      | Reached skill level 5 in Fighting
  5420 | D:5      | Found a staircase to the Ecumenical Temple.
  5429 | Temple   | Entered the Ecumenical Temple
  5533 | D:5      | Reached XP level 8. HP: 62/68 MP: 10/10
  5970 | D:6      | Reached skill level 9 in Bows
  5979 | D:6      | Reached skill level 5 in Dodging
  6686 | D:7      | Noticed a komodo dragon
  6694 | D:7      | Killed a komodo dragon
  6695 | D:7      | Reached skill level 10 in Bows
  6695 | D:7      | Reached skill level 1 in Translocations
  6695 | D:7      | Reached XP level 9. HP: 78/78 MP: 11/11
  6717 | D:7      | Noticed a cyclops
  6722 | D:7      | Killed a cyclops
  6723 | D:7      | Reached skill level 11 in Bows
  6723 | D:7      | Reached skill level 1 in Spellcasting
  6842 | D:7      | Identified the +0 pair of gloves "Xuwufyj" {rPois}
  6850 | D:7      | Identified the amulet "Archud" {Faith Regen+ Str+2 Dex-3}
  6933 | D:7      | Noticed Duvessa
  6933 | D:7      | Noticed Dowan
  6934 | D:7      | Noticed Pikel
  6939 | D:7      | Killed Duvessa
  6944 | D:7      | Killed Dowan
  7011 | D:7      | Killed Pikel
  7671 | D:7      | Reached skill level 12 in Bows
  7671 | D:7      | Reached XP level 10. HP: 88/88 MP: 14/14
  8052 | D:8      | Noticed a two-headed ogre
  8058 | D:8      | Killed a two-headed ogre
  8390 | D:9      | Found a staircase to the Lair.
  8486 | D:9      | You fall into a shaft and drop 1 floor!
  8486 | D:10     | Entered Level 10 of the Dungeon
  8563 | D:9      | Found a flagged portal.
  8571 | Bailey   | Entered a bailey
  8615 | Bailey   | Reached skill level 13 in Bows
  8713 | Bailey   | Noticed a vault guard
  8720 | Bailey   | Reached skill level 10 in Fighting
  8730 | Bailey   | Killed a vault guard
  8779 | Bailey   | Noticed a vault guard
  8779 | Bailey   | Noticed Prince Ribbit
  8788 | Bailey   | Killed a vault guard
  8789 | Bailey   | Killed Prince Ribbit
  9153 | Lair:1   | Entered Level 1 of the Lair of Beasts
  9156 | Lair:1   | Reached XP level 11. HP: 99/99 MP: 17/17
  9564 | Lair:1   | Reached skill level 14 in Bows
  9570 | Lair:1   | Learned a level 5 spell: Blade Hands
  9824 | Lair:1   | Noticed Erica
  9841 | Lair:1   | Killed Erica
  9934 | Lair:1   | Noticed a five-headed hydra
  9940 | Lair:1   | Killed a five-headed hydra
 10101 | Lair:1   | Reached skill level 15 in Bows
 10103 | Lair:1   | Reached skill level 1 in Transmutations
 10529 | Lair:1   | Upgraded the game from 0.29-a0-557-g43b9904bd1 to
                  | 0.29-a0-559-g359e09b9d1
 10859 | Lair:2   | Found a frozen archway.
 10869 | IceCv    | Entered an ice cave
 11160 | IceCv    | Reached XP level 12. HP: 112/112 MP: 18/18
 11240 | IceCv    | Reached skill level 16 in Bows
 11520 | IceCv    | Noticed a frost giant
 11539 | IceCv    | HP: 5/116 [frost giant/+2 battleaxe of freezing (1)]
 11541 | IceCv    | Killed a frost giant
 11677 | IceCv    | Identified the ring of the Special Bones {Fire rPois rN+
                  | Str-3}
 12055 | Lair:2   | Found a runed translucent gate.
 12055 | Lair:2   | Found a runed translucent gate.
 12055 | Lair:2   | Found a runed translucent gate.
 12056 | Lair:2   | Noticed Caiv's ghost (journeyman OpAE)
 12662 | Lair:3   | You fall into a shaft and drop 1 floor!
 12708 | Lair:3   | Found a staircase to the Swamp.
 12917 | Lair:3   | Reached skill level 17 in Bows
 12973 | Lair:3   | Noticed an eight-headed hydra
 12981 | Lair:3   | Killed an eight-headed hydra
 13223 | Lair:3   | Reached XP level 13. HP: 111/124 MP: 19/19
 13314 | Lair:3   | Found a hole to the Spider Nest.
 14914 | Lair:5   | Reached skill level 18 in Bows
 15510 | Lair:5   | Found a staircase to the Slime Pits.
 16225 | D:10     | Noticed Lodul
 16254 | D:10     | Killed Lodul
 16658 | D:10     | Found a staircase to the Orcish Mines.
 17062 | D:4      | Killed Crazy Yiuf
 17128 | D:4      | Killed happo123's ghost
 17179 | D:4      | Got Lugonu's Compendium of Displacement
 17395 | Lair:2   | Killed Caiv's ghost
 17767 | Lair:6   | Entered Level 6 of the Lair of Beasts
 17909 | Lair:5   | Reached skill level 19 in Bows
 18142 | Lair:6   | Reached skill level 5 in Transmutations
 18142 | Lair:6   | Reached XP level 14. HP: 132/132 MP: 22/22
 18713 | Lair:6   | Reached skill level 15 in Fighting
 18754 | Lair:6   | Identified the +3 quarterstaff "Foimp" {drain, Str+3}
 19642 | Spider:1 | Entered Level 1 of the Spider Nest
 20088 | Spider:1 | Reached skill level 20 in Bows
 20588 | Spider:2 | Reached skill level 5 in Spellcasting
 20621 | Spider:2 | Reached skill level 5 in Translocations
 20883 | Spider:2 | Noticed a ghost moth
 20889 | Spider:2 | Killed a ghost moth
 20890 | Spider:2 | Reached XP level 15. HP: 102/141 MP: 1/26
 21132 | Spider:2 | Identified the +6 flail of Qazlal {vorpal, *Rage rElec
                  | Dex+4 SInv}
 21912 | Swamp:1  | Entered Level 1 of the Swamp
 22315 | Swamp:1  | Reached skill level 21 in Bows
 22655 | Swamp:2  | Got the Reference Book on the Escort
 23430 | Orc:1    | Entered Level 1 of the Orcish Mines
 23605 | Orc:2    | Entered Level 2 of the Orcish Mines
 23605 | Orc:2    | Found a staircase to the Elven Halls.
 23850 | Orc:1    | Noticed Josephine
 23881 | Orc:2    | Killed Josephine
 23998 | Orc:1    | Paralysed by an ogre mage for 4 turns
 24007 | Orc:1    | Reached skill level 22 in Bows
 24048 | Orc:1    | Found Ehagusuink's Jewellery Boutique.
 24057 | Orc:1    | Found Haw Zego's Antique Weapon Boutique.
 24083 | Orc:1    | Noticed Maurice
 24091 | Orc:1    | Killed Maurice
 24361 | Orc:2    | Found Hapteoxi's Antique Armour Shoppe.
 24744 | Orc:2    | Found Ompe's Antique Weapon Shoppe.
 24827 | Orc:2    | Found Ushraeces's Book Boutique.
 24897 | Orc:2    | Found Rofear's General Store.
 24926 | Orc:2    | Bought a scroll of enchant weapon for 112 gold pieces
 24968 | Orc:2    | Found Elyclyuh's Armour Boutique.
 25363 | Orc:2    | Bought a longbow for 121 gold pieces
 25811 | D:11     | Found Inefasm's General Store.
 25817 | D:11     | Bought the +8 storm bow {elec, penet} for 756 gold pieces
 25817 | D:11     | Found the +8 storm bow {elec, penet}
 26004 | D:11     | Found Olafud's Magic Scroll Shop.
 26012 | D:11     | Bought a scroll of acquirement for 676 gold pieces
 26013 | D:11     | Acquired 399 gold pieces
 26682 | Lair:1   | Learned a level 7 spell: Dragon Form
 26793 | Spider:3 | Noticed Azrael
 26798 | Spider:3 | Killed Azrael
 26799 | Spider:3 | Reached XP level 16. HP: 145/149 MP: 27/27
 26977 | Spider:3 | Noticed Aizul
 26992 | Spider:3 | Killed Aizul
 27295 | Spider:3 | Got Sif Muna's Disquisition on Toxic Transformation
 27937 | Swamp:3  | Reached skill level 1 in Armour
 28500 | Spider:4 | Entered Level 4 of the Spider Nest
 29527 | Spider:4 | Reached skill level 1 in Unarmed Combat
 29840 | Spider:4 | Got a gossamer rune of Zot
 30194 | Swamp:4  | Entered Level 4 of the Swamp
 30194 | Swamp:4  | Noticed Nikola
 30209 | Swamp:3  | Killed from afar by Nikola

Illustrated notes

Levels and vault maps discovered:
D:1:      saegor_arrival_simple_a, layout_basic
D:2:      kennysheep_big_flooded_room, layout_loops_corners,
          hellmonk_ecumenical_altar_zigzags, uniq_robin
D:3:      layout_loops_corners, serial_glass, glass_columns_a, glass_columns_b
D:4:      layout_loops_ring, gammafunk_ghost_abyssal_escape, uniq_natasha,
          uniq_crazy_yiuf_cottage
D:5:      layout_rooms, minmay_temple_entry_poolview, minmay_crystal_room
D:6:      layout_basic
D:7:      nzn_winding_woodlands_small [nzn_winding_woodlands_5x15_twine,
          nzn_winding_woodlands_center_triple_pond,
          nzn_winding_woodlands_5x15_default], layout_loops_corners,
          nicolae_vehumet_radiance, corner_web_ring, uniq_pikel, uniq_duvessa
D:8:      layout_cave_pools
D:9:      layout_cave_pools, lair_entry_dummy, enter_bailey_2,
          dreamdust_princess_corridor, hangedman_decor_push,
          kennysheep_generic_room_6
D:10:     layout_roguey, minmay_orc_entry_temple_small, special_room
          [special_room_bee], uniq_lodul
D:11:     layout_basic, serial_shops, shop, nicolae_shop_crystal,
          hangedman_decor_opposing
Temple:   mainiacjoe_temple_hex_bubbles
Lair:1:   layout_small_grid, uniq_erica
Lair:2:   layout_gridlike, portal_ice_cave_demonic_guard,
          ebering_ghost_rock_garden, nicolae_quartered_pool_medium,
          grunt_forest_stairs_basic
Lair:3:   layout_cave_shapes, swamp_mist_pool,
          hellmonk_spider_entry_life_and_decay, serial_bayou_shore_a,
          serial_bayou_shore_b
Lair:4:   layout_small_grid
Lair:5:   layout_layer_cave, minmay_slime_entry_oklob_open,
          nicolae_lair_grove_arrangements, infiniplex_staircase_pool,
          grunt_megastairs_5
Lair:6:   minmay_lair_end_enchanted_forest, layout_layer_cave, ldierk_geyser,
          guppyfry_lair_drakes, infiniplex_staircase_pool_2
Swamp:1:  layout_basic_swamp, basic_altar
Swamp:2:  layout_basic_swamp, nicolae_swamp_ascending_descending_big
Swamp:3:  layout_basic_swamp, evilmike_swamp_ruin_house_2, swamp_pool4
Swamp:4:  byrel_swamp_growth_death_and_undeath, layout_basic_swamp,
          uniq_bai_suzhen, uniq_nikola, uniq_donald
Spider:1: layout_cave_pods
Spider:2: layout_spider_delve
Spider:3: layout_spider_delve, uniq_azrael, uniq_aizul
Spider:4: grunt_spider_rune_parallel, nicolae_crawler_farm
Orc:1:    layout_caves, nicolae_orc_sculptors_studio, roderic_batcave,
          guppyfry_orc_lava_fort, uniq_maurice, uniq_josephine
Orc:2:    grunt_orc_gardens, layout_caves, grunt_orc_garden, grunt_orc_garden,
          grunt_orc_garden, grunt_orc_garden, serial_shops, shop_coins

Skill      XL: |  1  2  3  4  5  6  7  8  9 10 11 12 13 14 15 16 |
---------------+-------------------------------------------------+-----
Bows           | 4 5 6 7 8 10 12 13 15 17 19 20 22 | 22.0
Fighting       | 2 3 4 5 6 8 10 12 14 15 16 | 16.0
Dodging        | 2 3 4 5 7 8 |  8.0
Translocations | 1 2 3 4 5 |  5.0
Spellcasting   | 1 2 3 5 |  5.0
Transmutations | 1 3 5 6 9 |  9.0
Armour         | 4 |  4.0
Unarmed Combat | 3 |  3.8
Stealth        | |  0.8

Action                   |  1- 3 |  4- 6 |  7- 9 | 10-12 | 13-15 | 16-18 || total
-------------------------+-------+-------+-------+-------+-------+-------++-------
Melee: Short sword       |       |    27 |     8 |       |       |       ||    35
       Punch             |       |     1 |       |       |       |       ||     1
       Longbow           |       |       |       |       |     1 |       ||     1
 Fire: Shortbow          |    66 |    84 |       |       |       |       ||   150
       Longbow           |       |    67 |   214 |   572 |  1493 |   475 ||  2821
Throw: Dart              |       |     1 |       |     6 |       |       ||     7
 Cast: Blink             |       |       |       |     6 |    15 |     8 ||    29
Evoke: Wand              |       |       |       |       |     1 |       ||     1
  Use: Potion            |     1 |     4 |     1 |     7 |     2 |     2 ||    17
       Scroll            |       |    14 |     8 |     7 |    11 |       ||    40
Armor: Leather armour    |     8 |    33 |       |       |       |       ||    41
       Skin              |       |     3 |       |       |       |       ||     3
       Robe              |       |     3 |    19 |     3 |       |       ||    25
       Acid dragon scale |       |       |       |   117 |   219 |    64 ||   400
Dodge: Dodged            |    18 |    94 |    53 |   256 |   501 |   156 ||  1078

Table legend: (Time is in decaauts)
 A = Elapsed time spent in this place.
 B = Non-inter-level travel time spent in this place.
 C = Inter-level travel time spent in this place.
 D = Time resting spent in this place.
 E = Time spent auto-exploring this place.
 F = Levels seen in this place.
 G = Mean time per level.
                   A        B        C        D        E       F      G
               +--------+--------+--------+--------+--------+-----+--------+
         Total |  30415 |  25357 |   5058 |   3445 |  13352 |  30 | 1013.8 |
       Dungeon |  12250 |  10128 |   2122 |   1780 |   5660 |  11 | 1113.6 |
        Temple |     18 |     16 |      2 |      0 |      0 |   1 |   18.0 |
          Lair |   8715 |   6867 |   1848 |    462 |   4452 |   6 | 1452.5 |
         Swamp |   2046 |   1637 |    409 |    150 |    843 |   4 |  511.5 |
   Spider Nest |   4321 |   3831 |    490 |    738 |   1497 |   4 | 1080.2 |
  Orcish Mines |   1799 |   1614 |    185 |    113 |    900 |   2 |  899.5 |
        Bailey |    259 |    259 |      0 |     29 |      0 |   1 |  259.0 |
      Ice Cave |   1004 |   1004 |      0 |    172 |      0 |   1 | 1004.0 |
               +--------+--------+--------+--------+--------+-----+--------+

Top non-repeatable levels by time:
  Lair:1: 1934 daAuts
     D:3: 1740 daAuts
     D:4: 1702 daAuts
  Lair:3: 1650 daAuts
  Lair:6: 1527 daAuts
  Lair:5: 1408 daAuts
     D:7: 1333 daAuts
Spider:2: 1328 daAuts
Spider:4: 1324 daAuts
     D:2: 1251 daAuts
  Lair:2: 1216 daAuts
    D:10: 1112 daAuts
Spider:1: 1103 daAuts
   Orc:1: 1036 daAuts
   IceCv: 1004 daAuts
